 Dungeon Crawl Stone Soup version 0.30.1-1-g62c8e00024 (webtiles) character file.

Game seed: 12067973450943594131

86 Peloso the Covered (level 4, -1/40 HPs)
             Began as a Minotaur Fighter on July 14, 2023.
             Slain by Grinder (5 damage)
             ... while paralysed by Grinder
             ... on level 3 of the Dungeon.
             The game lasted 00:02:14 (1619 turns).

Peloso the Covered (Minotaur Fighter)               Turns: 1619, Time: 00:02:15

Health: -1/40      AC:  7    Str: 21    XL:     4   Next: 26%
Magic:  3/3        EV:  2    Int:  5    God:
Gold:   112        SH:  0    Dex: 11    Spells: 3/3 levels left

rFire   . . .        a - +0 long sword
rCold   . . .        c - +0 buckler
rNeg    . . .        b - +0 scale mail
rPois   .            (helmet restricted)
rElec   .            (no cloak)
rCorr   .            (no gloves)
SInv    .            (no boots)
Will    .....        (no amulet) Stlth
                     (no ring)
HPRegen 0.26/turn    (no ring)
MPRegen 0.08/turn

%: no passive effects
@: paralysed
A: horns 2, retaliatory headbutt
a: no special abilities


You were on level 3 of the Dungeon.
You visited 1 branch of the dungeon, and saw 3 of its levels.

You collected 112 gold pieces.

Inventory:

Hand Weapons
 a - a +0 long sword (weapon)
Armour
 b - a +0 scale mail (worn)
 c - a +0 buckler (worn)
Wands
 g - a wand of flame (21)
Scrolls
 e - 2 scrolls of identify {unknown}
 f - a scroll of noise {unknown}
 i - a scroll of enchant weapon {unknown}
 j - a scroll of poison {unknown}
 k - a scroll of brand weapon {unknown}
Potions
 d - 2 potions of might
 l - a potion of mutation {unknown}


   Skills:
 + Level 4.1 Fighting
 + Level 3.3 Long Blades
 + Level 4.7 Armour
 + Level 0.4 Dodging
 + Level 0.8 Stealth
 + Level 4.0 Shields


You had 3 spell levels left.
You didn't know any spells.
Your spell library contained the following spells:

 Spells                   Type           Power      Damage    Failure   Level
 Inner Flame              Hex/Fire       0%         N/A       99%         3
 Yara's Violent Unravell  Hex/Tmut       0%         3d3       100%        5
 Enfeeble                 Hex            0%         N/A       100%        7


Dungeon Overview and Level Annotations

Branches:
Dungeon (3/15)

Altars:

Annotations:
D:3 Grinder


Innate Abilities, Weirdness & Mutations

You have a pair of horns on your head.
You reflexively headbutt those who attack you in melee.


Message History

You can move again.
Unknown command.
Unknown command.
Okay, then.
Aiming: Throw Flame
Press: ? - help, Shift-Dir - straight line, f - Grinder
Aim: Grinder (fast, 64% to hit)
The puff of flame hits Grinder.
Grinder is lightly wounded.
Grinder says, "I used to sell toenails on the black market."
Grinder gestures at you. Pain shoots through your body!
It was a potion of heal wounds.
You feel much better. Grinder gestures at you.
You suddenly lose the ability to move!
You can move again.
Unknown command.
You barely miss Grinder.
Grinder is lightly wounded.
Grinder hits you!
You writhe in agony.
Grinder hits you but does no damage.
Unknown command.
You closely miss Grinder.
Grinder is lightly wounded.
You block Grinder's attack.
Grinder blinks!
Grinder hits you!
You writhe in agony.
You barely miss Grinder. You headbutt Grinder!
Grinder is heavily wounded.
Grinder gestures at you.
You suddenly lose the ability to move!
Grinder gestures at you. Pain shoots through your body! Grinder hits you!
* * * LOW HITPOINT WARNING * * *
You writhe in agony.
* * * LOW HITPOINT WARNING * * *
Grinder hits you but does no damage. Grinder hits you.
* * * LOW HITPOINT WARNING * * *
You writhe in agony.
You die...

######.... ..
.....(.... ##.#
#######.... ...
#.......#.. #.#
#.......#..
#.#######.......#..
####......##.......#..
#.........##.......#..
#....@....##...[...#..
#....5..####.......#..
#.....#.†..........#
#############'######
######## #.#
#......###### #.##
#...........####..#
#..............†..#####
#####.................#


You could see Grinder (fast).

Vanquished Creatures
  Jessica (D:2)
  An adder (D:2)
  A worm (D:2)
  2 dart slugs (D:1)
  9 bats
  3 endoplasms
  3 giant cockroaches
  3 goblins (D:1)
  4 hobgoblins
  A quokka (D:3)
  7 ball pythons
  4 frilled lizards
  2 kobolds (D:1)
  A rat (D:1)
42 creatures vanquished.

Notes
Turn   | Place    | Note
-------+----------+-------------------------------------------
     0 | D:1      | Peloso the Minotaur Fighter began the quest for the Orb.
     0 | D:1      | Reached XP level 1. HP: 19/19 MP: 0/0
   109 | D:1      | Reached XP level 2. HP: 26/27 MP: 1/1
   740 | D:2      | Reached XP level 3. HP: 31/33 MP: 2/2
   868 | D:2      | Noticed Jessica
   873 | D:2      | Killed Jessica
   914 | D:2      | Reached XP level 4. HP: 40/40 MP: 3/3
  1602 | D:3      | Noticed Grinder
  1605 | D:3      | Paralysed by Grinder for 4 turns
  1610 | D:3      | Paralysed by Grinder for 2 turns
  1617 | D:3      | Paralysed by Grinder for 4 turns
  1619 | D:3      | Slain by Grinder

Illustrated notes

Levels and vault maps discovered:
D:1:      dpeg_arrival_yet_another_circle, layout_basic
D:2:      layout_rooms, uniq_jessica
D:3:      layout_basic, uniq_grinder

Skill      XL: |  1  2  3 |
---------------+----------+-----
Armour         | 4 |  4.7
Fighting       | 4 |  4.1
Long Blades    | 3 |  3.3
Shields        | 4 |  4.0
Dodging        | |  0.4
Stealth        | |  0.8

Action                     |  1- 3 |  4- 6 || total
---------------------------+-------+-------++-------
  Melee: Long sword        |    49 |    28 ||    77
         Headbutt          |     4 |     4 ||     8
  Evoke: Wand              |       |     1 ||     1
    Use: Scroll            |     1 |     1 ||     2
         Potion            |       |     1 ||     1
 Armour: Scale mail        |    19 |    19 ||    38
  Dodge: Dodged            |    30 |    17 ||    47
  Block: Buckler           |    18 |     5 ||    23
